 Dungeon Crawl Stone Soup version 0.27-a0-216-g1fbed8a51c (webtiles) character file.

Game seed: 14876803456171121876

1729 sahdkjhfkaj the Combatant (level 9, -1/68 HPs)
             Began as a Barachi Fighter on Feb 1, 2021.
             Was a Follower of Okawaru.
             Slain by Duvessa
             ... wielding a +0 short sword
              (2 damage)
             ... on level 6 of the Dungeon.
             The game lasted 00:07:20 (6619 turns).

sahdkjhfkaj the Combatant (Barachi Fighter)         Turns: 6619, Time: 00:07:21

Health: -1/68      AC:  6    Str: 15    XL:     9   Next: 5%
Magic:  23/23      EV:  7    Int: 10    God:    Okawaru [*.....]
Gold:   444        SH: 10    Dex: 13    Spells: 8/8 levels left

rFire    . . .     SeeInvis .   b - +4 short sword of the Real Monster {venom, +Fly MP+9 Str-3}
rCold    . . .     Faith    .   c - +0 kite shield
rNeg     . . .     Spirit   .   n - +0 scale mail
rPois    .         Reflect  .   (no helmet)
rElec    .         Harm     .   (no cloak)
rCorr    .         Rampage  .   (no gloves)
Will     .....                  (no boots)
Stlth    ..........             (no amulet)
HPRegen  0.21/turn              (no ring)
MPRegen  0.18/turn              (no ring)

@: slow
A: +LOS, swims, slowness 1, strong legs 1
a: Hop, Renounce Religion, Evoke Flight, Heroism


You were on level 6 of the Dungeon.
You worshipped Okawaru.
Okawaru was aware of your devotion.
You visited 2 branches of the dungeon, and saw 7 of its levels.

You collected 444 gold pieces.

Inventory:

Hand Weapons
 a - a +0 long sword
 b - the +4 short sword of the Real Monster (weapon) {venom, +Fly MP+9 Str-3}
   (You found it on level 5 of the Dungeon)

   It poisons the flesh of those it strikes.
   It affects your strength (-3).
   It affects your magic capacity (+9).
   It lets you fly.
Armour
 c - a +0 kite shield (worn)
 i - a +0 helmet
 n - a +0 scale mail (worn)
Jewellery
 j - an uncursed ring of protection from fire {unknown}
 l - a +6 ring of dexterity {unknown}
Wands
 E - a wand of charming (3)
 V - a wand of flame (32)
Scrolls
 e - a scroll of random uselessness {unknown}
 f - 2 scrolls of enchant weapon
 o - a scroll of fear
 p - a scroll of brand weapon {unknown}
 q - a scroll of amnesia {unknown}
 T - 3 scrolls of teleportation
 W - 2 scrolls of remove curse
Potions
 d - 3 potions of might
 g - a potion of cancellation
 h - 3 potions of attraction
 k - a potion of haste {unknown}
 m - a potion of invisibility {unknown}
 Q - 2 potions of curing


   Skills:
 - Level 5.5 Fighting
 - Level 5.5 Long Blades
 - Level 3.6 Armour
 - Level 6.0 Shields
 + Level 7.8 Invocations


You had 8 spell levels left.
You didn't know any spells.
Your spell library contained the following spells:

 Spells                   Type           Power        Failure   Level
 Animate Skeleton         Necr           0%           99%         1
 Apportation              Tloc           0%           99%         1
 Corona                   Hex            0%           99%         1
 Summon Small Mammal      Summ           0%           99%         1


Dungeon Overview and Level Annotations

Branches:
Dungeon (6/15)             Temple (1/1) D:5

Altars:
Ashenzari
Cheibriados
Elyvilon
Fedhas
Hepliaklqana
Kikubaaqudgha
Makhleb
Nemelex Xobeh
Okawaru
Qazlal
Ru
Trog
Uskayaw
Vehumet
Xom
Yredelemnul
Zin
The Shining One

Shops:
D:4 *

Annotations:
D:6 Duvessa


Innate Abilities, Weirdness & Mutations

You can be seen from farther away. (+LOS)
You can swim through water.
You cover ground slowly.
You can hop short distances.


Message History

You are too injured to fight recklessly!
You are too injured to fight recklessly!
You are too injured to fight recklessly!
You are too injured to fight recklessly!
You are too injured to fight recklessly!
You hit Duvessa.
Duvessa is lightly wounded.
You block Duvessa's attack. Duvessa hits you with a +0 short sword.
* * * LOW HITPOINT WARNING * * *
You hit Duvessa.
Duvessa is moderately wounded.
You block Duvessa's attack. x2
You hit Duvessa.
Duvessa is poisoned.
Duvessa is moderately wounded.
Duvessa closely misses you.
Unknown command.
You feel better. Duvessa hits you with a +0 short sword.
* * * LOW HITPOINT WARNING * * *
Duvessa misses you.
Unknown command.
Unknown command.
Evoke which item? (* to show all) (? for menu, Esc to quit)
Aiming: Charm
Press: ? - help, Shift-Dir - straight line, f - Duvessa
Aim: Duvessa, wielding a +0 short sword and wearing a +0 leather armour (moderately wounded, berserk, very poisoned, chance to affect: 28%) Duvessa easily resists.
Duvessa hits you but does no damage.
You hit Duvessa.
Duvessa looks as sick as possible!
Duvessa is heavily wounded.
You block Duvessa's attack. Duvessa hits you with a +0 short sword!
* * * LOW HITPOINT WARNING * * *
You closely miss Duvessa.
Duvessa is heavily wounded.
Duvessa hits you with a +0 short sword.
* * * LOW HITPOINT WARNING * * *
You block Duvessa's attack.
Unknown command.
You feel better. You block Duvessa's attack.
You hit Duvessa.
Duvessa looks as sick as possible!
Duvessa is severely wounded.
Duvessa hits you but does no damage. x2
You barely miss Duvessa.
Duvessa is severely wounded.
Duvessa hits you with a +0 short sword.
* * * LOW HITPOINT WARNING * * *
Duvessa hits you with a +0 short sword!
* * * LOW HITPOINT WARNING * * *
You barely miss Duvessa.
Duvessa is severely wounded.
Duvessa hits you with a +0 short sword.
You die...

####.##.......#
#.########
......+.......# #.#
.....##.......# #.#
.....##.......# #.#
.....##.......# #.#
.....##.......#####.#
.....##.......##....#
.....# #.####
.....####### #@#
...............e..#
....#########..####
....# .... ##### ###.
#) # #


You could see Duvessa (berserk, extremely poisoned).

Vanquished Creatures
  Pikel (D:6)
  A sky beast (D:2)
  A phantom (D:5)
  An ogre (D:5)
  3 lemures (D:6)
  3 bullfrogs
  A wyvern zombie (D:2)
  A water moccasin zombie (D:5)
  Dowan (D:6)
  A bullfrog zombie (D:5)
  2 jellies
  A bullfrog skeleton (D:4)
  2 hounds
  3 worker ants
  2 iguanas
  Robin (D:2)
  13 adders
  A white imp (D:5)
  2 adder skeletons
  A worm (D:3)
  5 dart slugs
  2 leopard geckos (D:4)
  6 orcs
  13 giant cockroaches
  13 goblins
  17 hobgoblins
  9 jackals
  3 quokkas
  A ball python skeleton (D:5)
  12 bats
  6 frilled lizards
  A jackal zombie (D:5)
  12 kobolds
  A quokka skeleton (D:5)
  12 rats
155 creatures vanquished.

Notes
Turn   | Place    | Note
-------+----------+-------------------------------------------
     0 | D:1      | sahdkjhfkaj the Barachi Fighter began the quest for the
                  | Orb.
     0 | D:1      | Reached XP level 1. HP: 18/18 MP: 1/1
    89 | D:1      | Reached XP level 2. HP: 15/25 MP: 2/2
    96 | D:1      | Reached skill level 3 in Long Blades
   509 | D:1      | Reached XP level 3. HP: 26/30 MP: 3/3
  1255 | D:2      | Reached XP level 4. HP: 36/38 MP: 4/4
  1301 | D:2      | Reached XP level 5. HP: 17/44 MP: 5/5
  1590 | D:2      | Noticed Robin
  1645 | D:2      | Killed Robin
  2194 | D:3      | Reached XP level 6. HP: 50/51 MP: 6/6
  2236 | D:3      | Noticed a sky beast
  2274 | D:2      | Killed a sky beast
  2606 | D:3      | Found a blossoming altar of Fedhas.
  2967 | D:4      | Reached XP level 7. HP: 39/56 MP: 7/7
  3024 | D:4      | Found an ancient bone altar of Kikubaaqudgha.
  3161 | D:4      | Found an iron altar of Okawaru.
  3185 | D:4      | Found a radiant altar of Vehumet.
  3203 | D:4      | Reached skill level 6 in Shields
  3457 | D:4      | Became a worshipper of Warmaster Okawaru
  3625 | D:4      | Found Eceupeod's General Store.
  3769 | D:5      | Entered Level 5 of the Dungeon
  3776 | D:5      | Found a sacrificial altar of Ru.
  3788 | D:5      | Reached skill level 1 in Invocations
  3951 | D:5      | Reached skill level 2 in Invocations
  4296 | D:5      | Reached skill level 3 in Invocations
  4622 | D:5      | Found a staircase to the Ecumenical Temple.
  4651 | D:5      | Got a transparent short sword
  4674 | Temple   | Entered the Ecumenical Temple
  4763 | Temple   | Identified the +4 short sword of the Real Monster {venom,
                  | +Fly MP+9 Str-3} (You found it on level 5 of the Dungeon)
  4784 | D:5      | Reached * piety under Okawaru
  4819 | D:5      | Found a white marble altar of Elyvilon.
  4864 | D:5      | HP: 2/56 [acid (9)]
  4866 | D:5      | Reached skill level 4 in Invocations
  5169 | D:5      | Found a snail-covered altar of Cheibriados.
  5201 | D:5      | Reached XP level 8. HP: 23/63 MP: 11/11
  5435 | D:5      | Found a glowing silver altar of Zin.
  5741 | D:6      | Reached skill level 5 in Invocations
  5870 | D:6      | Noticed Pikel
  5908 | D:6      | HP: 2/63 [Pikel/+0 whip of electrocution (16)]
  5915 | D:6      | Killed Pikel
  5916 | D:6      | Reached skill level 7 in Invocations
  5916 | D:6      | Reached XP level 9. HP: 28/68 MP: 12/14
  6324 | D:6      | Found a bloodstained altar of Trog.
  6595 | D:6      | Noticed Duvessa
  6595 | D:6      | Noticed Dowan
  6604 | D:6      | Killed Dowan
  6618 | D:6      | HP: 1/68 [Duvessa/+0 short sword (15)]
  6619 | D:6      | Slain by Duvessa

Illustrated notes

Levels and vault maps discovered:
D:1:      dpeg_arrival_round_c, layout_loops_corners, minivault_23,
          minmay_worlds_worst_comb
D:2:      layout_rooms, serial_curves, eino_curves_04, eino_curves_04,
          uniq_robin
D:3:      layout_rooms, marbit_many_paths, grunt_ministairs_5,
          serial_park_tiny_pond
D:4:      layout_loops_ring, kennysheep_mini, nicolae_overflow_hidden_temple,
          vehumet_altar_wand_db, serial_shops, nicolae_shop_waterfront,
          minmay_liquid_box
D:5:      layout_basic, overflow_temple_1_default, kennysheep_mini_moat,
          zin_scriptorium, minmay_temple_entry_waves,
          hangedman_abyss_or_decor_stagger, hangedman_decor_opposing,
          elyvilon_altar_4
D:6:      layout_basic, kennysheep_little_box, lemuel_doored_altar, uniq_pikel,
          uniq_duvessa
Temple:   kb_temple_of_zot

Skill      XL: |  1  2  3  4  5  6  7  8 |
---------------+-------------------------+-----
Fighting       | 4 5 |  5.5
Long Blades    | 3 4 5 |  5.5
Shields        | 5 6 |  6.0
Invocations    | 4 7 |  7.8
Armour         | |  3.6

Action                   |  1- 3 |  4- 6 |  7- 9 || total
-------------------------+-------+-------+-------++-------
Melee: Long sword        |   138 |   221 |   146 ||   505
       Short sword       |       |       |    95 ||    95
Invok: Heroism           |       |       |     1 ||     1
Evoke: Wand              |       |       |     1 ||     1
  Use: Potion            |     1 |     1 |     3 ||     5
       Scroll            |       |     3 |     6 ||     9
Armor: Scale mail        |    59 |   116 |    65 ||   240
Dodge: Dodged            |    44 |    81 |    67 ||   192
Block: Kite shield       |    90 |   163 |   109 ||   362
       Rpst.: Long sword |    13 |    25 |    15 ||    53

Table legend: (Time is in decaauts)
 A = Elapsed time spent in this place.
 B = Non-inter-level travel time spent in this place.
 C = Inter-level travel time spent in this place.
 D = Time resting spent in this place.
 E = Time spent auto-exploring this place.
 F = Levels seen in this place.
 G = Mean time per level.
                   A        B        C        D        E       F      G
               +--------+--------+--------+--------+--------+-----+--------+
         Total |   7478 |   7285 |    193 |   2494 |   3503 |   7 | 1068.3 |
       Dungeon |   7370 |   7187 |    183 |   2494 |   3408 |   6 | 1228.3 |
        Temple |    107 |     97 |     10 |      0 |     94 |   1 |  107.0 |
               +--------+--------+--------+--------+--------+-----+--------+

Top non-repeatable levels by time:
     D:5: 2024 daAuts
     D:1: 1388 daAuts
     D:2: 1313 daAuts
     D:6: 999 daAuts
     D:4: 997 daAuts
     D:3: 646 daAuts
  Temple: 107 daAuts
